 Dungeon Crawl Stone Soup version 0.30-a0-1102-g2dbb833546 (webtiles) character file.

Game seed: 16932801328580630952

1070198 RepoMan the Slayer (level 27, 0/266 HPs)
             Began as a Ghoul Berserker on Apr 5, 2023.
             Was a High Priest of Trog.
             Killed from afar by a shard shrike (10 damage)
             ... with a shard of ice
             ... on level 6 of Cocytus on Apr 18, 2023.
             The game lasted 09:02:05 (78112 turns).

RepoMan the Slayer (Ghoul Berserker)               Turns: 78112, Time: 09:02:06

Health: 0/266      AC: 51    Str: 35 (36) XL:     27
Magic:  35/35      EV: 16    Int: 11      God:    Trog [*****.]
Gold:   8276       SH: 23    Dex: 17      Spells: 26/26 levels left

rFire   + + .      SeeInvis .    v - +9 broad axe (vamp)
rCold   + + +      Faith    .    r - +2 shield of Resistance {rF++ rC++ Will++}
rNeg    + + +      Spirit   .    j - +12 gold dragon scales
rPois   ∞          Reflect  +    B - +1 hat of Haximak {rElec rF- Regen+ Slay+2}
rElec   +          Rampage  +    W - +2 cloak {rCorr}
rCorr   +                        J - +3 pair of gauntlets of War {Slay+5}
Will    ++...                    R - +2 pair of boots {Fly} Stlth
                                 k - amulet "Ponwas" {Reflect Rampage +Blink SH+5}
HPRegen 1.00/turn                D - ring "Wazylu" {Drain Will+ Str+2 Int+2 Dex+6}
MPRegen 0.24/turn                d - ring "Uhemuti" {Str+6 Dex+3 Stlth+}

@: weak-willed, marked, strong-willed, flying, regenerating, studying 3 skills,
unable to drink
A: claws 1, cold resistance 1, negative energy resistance 3, inhibited
regeneration, torment resistance 2, devour on kill
}: 12/15 runes: decaying, serpentine, slimy, silver, iron, bone, abyssal,
demonic, glowing, magical, fiery, dark
a: Renounce Religion, Evoke Blink, Trog's Hand, Brothers in Arms


You were on level 6 of Cocytus.
You worshipped Trog.
Trog was extremely pleased with you.
You visited 15 branches of the dungeon, and saw 75 of its levels.
You visited Pandemonium 1 time, and saw 15 of its levels.
You visited the Abyss 1 time.
You visited 1 bazaar.
You visited 1 ziggurat, and saw 8 of its levels.
You also visited: Trove, Bailey, Gauntlet and Ice Cave.

You collected 11527 gold pieces.
You spent 3251 gold pieces at shops.

Inventory:

Hand Weapons
 a - a +9 antimagic broad axe
 f - the +3 war axe of Valiance {heavy, Fly rElec Str+3}
   (Trog gifted it to you on level 4 of the Lair of Beasts)

   Str:       It affects your strength (+3).
   rElec:     It insulates you from electricity.
   Fly:       It grants you flight.
 s - the +8 whip "Snakebite" {venom, curare, rPois}
   (Trog gifted it to you in Pandemonium)

   rPois:     It protects you from poison.
 v - a +9 vampiric broad axe (weapon)
 w - a +8 heavy broad axe
Missiles
 i - a throwing net (quivered)
 U - 13 silver javelins
Armour
 j - +12 gold dragon scales (worn)
 r - the +2 shield of Resistance (worn) {rF++ rC++ Will++}
   (You acquired it on level 14 of the Dungeon)

   rF:        It greatly protects you from fire.
   rC:        It greatly protects you from cold.
   Will:      It greatly increases your willpower.
 B - the +1 hat of Haximak (worn) {rElec rF- Regen+ Slay+2}
   (You found it in a Gauntlet)

   Slay:      It affects your accuracy & damage with ranged weapons and melee
   (+2).
   rF:        It makes you vulnerable to fire.
   rElec:     It insulates you from electricity.
   Regen:     It increases your rate of health regeneration.
 I - the +1 helmet of Time Monsters {Fly Str+3}
   (You found it on level 3 of the Elven Halls)

   Str:       It affects your strength (+3).
   Fly:       It grants you flight.
 J - the +3 pair of gauntlets of War (worn) {Slay+5}
   (You acquired it on level 3 of the Depths)

   Slay:      It affects your accuracy & damage with ranged weapons and melee
   (+5).
 L - the +2 pair of slick slippers {slick, slippery, EV+4}
   (You found it on level 6 of the Dungeon)

   Slick:     Its wearer cannot be constricted, engulfed, netted or webbed.
   Slippery:  Its wearer slips away from damaging melee attacks, pulling the
   attacker onward.
   EV:        It affects your evasion (+4).
 R - a +2 pair of boots of flying (worn)
 W - a +2 cloak of preservation (worn)
Jewellery
 d - the ring "Uhemuti" (right hand) {Str+6 Dex+3 Stlth+}
   (You found it on level 7 of Tartarus)

   [ring of strength]

   Str:       It affects your strength (+6).
   Dex:       It affects your dexterity (+3).
   Stlth:     It makes you more stealthy.
 k - the amulet "Ponwas" (around neck) {Reflect Rampage +Blink SH+5}
   (You took it off a vault sentinel on level 5 of the Vaults)

   [amulet of reflection]

   It reflects blocked missile attacks.
   +Blink:    It lets you blink.
   SH:        It affects your SH (+5).
   Rampage:   It bestows one free step when moving towards enemies.
 C - the ring of Liewu {rPois rCorr Int+4 SInv}
   (You found it in Pandemonium)

   [ring of see invisible]

   Int:       It affects your intelligence (+4).
   rPois:     It protects you from poison.
   SInv:      It lets you see invisible.
   rCorr:     It protects you from acid and corrosion.
 D - the ring "Wazylu" (left hand) {Drain Will+ Str+2 Int+2 Dex+6}
   (You found it on level 5 of the Pits of Slime)

   [ring of dexterity]

   Str:       It affects your strength (+2).
   Int:       It affects your intelligence (+2).
   Dex:       It affects your dexterity (+6).
   Drain:     It drains your maximum health when unequipped.
   Will:      It increases your willpower.
 G - a ring of the Octopus King {rCorr HP+2 AC+2 EV+2 SH+2}
   (You found it on level 7 of the Iron City of Dis)

   [ring of resist corrosion]

   AC:        It affects your AC (+2).
   EV:        It affects your evasion (+2).
   HP:        It affects your health (+2).
   rCorr:     It protects you from acid and corrosion.
   SH:        It affects your SH (+2).
 Z - a ring of protection from fire
Wands
 o - a wand of quicksilver (21)
 p - a wand of charming (8)
 K - a wand of mindburst (17)
 N - a wand of digging (13)
 P - a wand of flame (123)
 Y - a wand of roots (17)
Scrolls
 b - 27 scrolls of teleportation
 c - 4 scrolls of magic mapping
 m - a scroll of blinking
 x - 3 scrolls of enchant armour
 y - 14 scrolls of fog
 z - 5 scrolls of immolation
 E - 9 scrolls of silence
 H - 10 scrolls of poison
 O - 8 scrolls of vulnerability
Potions
 e - 2 potions of curing
 g - 3 potions of resistance
 l - a potion of heal wounds
 q - 3 potions of invisibility
 u - 2 potions of cancellation
 A - 2 potions of might
 X - 10 potions of ambrosia
Miscellaneous
 h - the horn of Geryon (inert)
 t - a box of beasts
 F - a condenser vane
 Q - a phial of floods
 S - a lightning rod (4/4)
 T - a phantom mirror


   Skills:
 - Level 25.5 Fighting
 - Level 24.4 Axes
 - Level 21.1 Throwing
 - Level 24.4 Armour
 + Level 17.5 Dodging
 + Level 21.8 Shields
 * Level 18.7 Invocations
 + Level 17.9 Evocations


You had 26 spell levels left.
You didn't know any spells.
Your spell library was empty.

Dungeon Overview and Level Annotations

Branches:
Dungeon (15/15)            Temple (0/1) D:5            Lair (5/5) D:10
  Swamp (4/4) Lair:3        Snake (4/4) Lair:3        Slime (5/5) Lair:5
    Orc (2/2) D:10            Elf (3/3) Orc:2        Vaults (5/5) D:13
  Crypt (3/3) Vaults:3       Tomb (0/3) Crypt:3      Depths (4/4) D:15
   Hell (visited)             Dis (7/7) Hell            Geh (0/7) Hell
    Coc (6/7) Hell            Tar (7/7) Hell            Zot (4/5) Depths:4
 Bailey (visited)           IceCv (visited)         Gauntlet (visited)

Altars:
Fedhas
Hepliaklqana
Kikubaaqudgha
Makhleb
Okawaru
Qazlal
Trog
Uskayaw
Yredelemnul
Jiyva

Shops:
D:12 *   D:13 [   Orc:1 ([   Orc:2 *(=[   Elf:3 [   Snake:1 (([!   Snake:2 [
Vaults:3 (

Portals:
Hell: Depths:1 Depths:2 Depths:3 Depths:4
Abyss: Depths:1 Depths:3 Depths:4
Pandemonium: Depths:2 Depths:3

Annotations:
D:2 Natasha
D:3 4 runed translucent doors, Crazy Yiuf; Mulkerokala's ghost, amateur KoNe


Innate Abilities, Weirdness & Mutations

You are immune to poison.
You have sharp fingernails.
Your flesh is cold resistant. (rC+)
You are immune to negative energy. (rN+++)
You do not regenerate when monsters are visible.
You are immune to unholy pain and torment.
You thrive by killing the living.


Message History

Press ? for a list of commands and other information.
Char dumped successfully.
Unknown command.
Unknown command.
Save game and exit?
Welcome back, RepoMan the Ghoul Berserker.
Trog says: Kill them all!
Press ? for a list of commands and other information.
Unknown command.
Press: ? - help, v - describe, . - travel Some deep water.
Aiming: Charm
Press: ? - help, Shift-Dir - straight line, f - shard shrike
Aim: a shard shrike (weak-willed, chance to affect: 67%)
The shard shrike is charmed.
Your shard shrike closely misses the shard shrike.
The shard shrike claws you but does no damage.
The shard shrike spits a shard of ice at you.
The shard of ice hits your hellion!!!
Your hellion dies!
The shard shrike claws your shard shrike!!
The shard shrike freezes your shard shrike!
Your shard shrike resists.
Aiming: Charm
Press: ? - help, Shift-Dir - straight line, f - shard shrike, p - shard shrike
Aim: a shard shrike (moderately wounded, weak-willed, chance to affect: 67%)
The shard shrike is charmed.
The shard shrike misses you.
Your shard shrike claws the shard shrike.
Your shard shrike freezes the shard shrike.
The shard shrike resists.
The shard shrike claws your shard shrike!!
The shard shrike freezes your shard shrike.
Your shard shrike resists.
Aiming: Dig
Press: ? - help, Shift-Dir - straight line, p - shard shrike A rock wall.
The rock shatters into small pieces.
The shard shrike spits a shard of ice at you.
The shard of ice hits you! You partially resist.
You die...

.b ≈≈≈≈.. ≈. #≈≈≈.
#..~. #≈≈.. #..~~
##≈≈.. ##..~~
#≈≈≈.### ###bZ#~~
#≈≈≈...### ##...~~~≈
#≈≈≈bb...####9..≈~~.≈
#≈≈@b≈≈.....b≈WZ...≈
##.#≈≈~≈≈≈1≈≈≈1≈..§≈
#.##≈~≈≈≈≈≈≈≈≈≈≈≈~~≈
#.# ##≈≈≈≈≈#≈≈≈≈≈≈≈~≈
#.# #≈≈##########≈~≈
#.# #### #### #.# .#


You could see a shard shrike (catching breath, ally target), 2 friendly shard
shrikes and a friendly Ice Fiend (summoned).

Vanquished Creatures
  Cerebov (Pan)
  the Royal Jelly (Slime:5)
  Gloorx Vloq (Pan)
  the Serpent of Hell (Dis:7)
  Ereshkigal (Tar:7)
  3 dread liches
  Dispater (Dis:7)
  An orb of fire (Zot:4)
  3 ancient liches
  A juggernaut (Depths:3)
  Boris (4 times) (Vaults:2 Vaults:4 Crypt:2 Vaults:5)
  Bai Suzhen (Vaults:5)
  7 shard shrikes
  Vashnia (Snake:2)
  Geryon (Hell)
  54 caustic shrikes
  7 golden dragons
  3 pandemonium lords
  11 profane servitors
  11 bone dragons
  17 Tzitzimimeh
  6 Brimstone Fiends
  7 iron giants
  8 doom hounds
  A shard shrike zombie (Crypt:2)
  4 hellephants
  4 Ice Fiends
  Jorgrun (D:15)
  An electric golem (Zot:2)
  19 tainted leviathans
  Asterion (Snake:4)
  17 tentacled monstrosities
  The ghost of MacCMillion the Warrior, an adept DgHu (Vaults:1)
  17 Hell Sentinels
  6 liches
  9 titans
  2 searing wretches (Zig:6)
  Murray (Hell)
  A walking frostbound tome (Depths:3)
  3 deep elf blademasters
  An eldritch tentacle (Abyss:3)
  3 quicksilver dragons
  2 deep elf master archers (Elf:3)
  12 sphinxes
  19 ancient champions
  Gastronok (Lair:2)
  21 Executioners (Pan)
  2 tentacled starspawn (Abyss:3)
  8 death cobs
  7 storm dragons
  Frances (Elf:1)
  5 tengu reavers
  15 acid blobs
  13 shadow dragons
  3 draconian monks
  A fenstrider witch (Swamp:1)
  4 revenants
  An emperor scorpion (D:15)
  15 rockslimes
  2 demonspawn warmongers (Pan)
  16 azure jellies
  8 nagarajas
  8 frost giants
  2 thorn hunters
  10 fire giants
  6 draconian knights
  9 narguns
  6 deep elf sorcerers
  8 iron dragons
  6 ghost moths
  5 draconian shifters
  10 quicksilver elementals
  20 vault wardens
  24 balrugs
  Aizul (Snake:1)
  A caustic shrike zombie (Crypt:2)
  19 ghouls
  7 curse skulls
  7 draconian scorchers
  3 deep elf elementalists (Elf:3)
  Louise (Swamp:1)
  2 orc warlords
  5 shard shrike simulacra
  3 demonspawn blood saints (Pan)
  25 war gargoyles
  4 spectral caustic shrikes
  2 spectral juggernauts
  15 ironbound preservers
  15 reapers
  4 draconian stormcallers
  9 draconian annihilators
  8 quicksilver oozes
  10 vampire knights
  2 demonspawn corrupters (Pan)
  26 stone giants
  17 cacodemons
  2 eleionomae
  4 demonspawn black suns (Pan)
  36 very ugly things
  Nessos (Lair:5)
  The ghost of Haerphoy the Severer, a journeyman MiFi of Okawaru (Lair:4)
  7 black draconians
  9 ironbound thunderhulks
  14 purple draconians
  16 elemental wellsprings
  11 deep elf demonologists
  10 green draconians
  6 lorocyprocas
  10 yellow draconians
  14 bunyips
  15 deep elf annihilators
  18 putrid mouths
  3 spectral titans
  12 dire elephants
  2 minotaurs
  8 white draconians
  A spark wasp (Zig:3)
  7 red draconians
  7 wendigos
  6 blizzard demons (Pan)
  16 eidola
  14 deep elf death magi
  11 ettins
  6 spectral quicksilver dragons
  Snorg (D:14)
  9 green deaths
  6 jiangshi
  4 crystal guardians
  12 iron golems
  18 yaktaur captains
  6 deep elf high priests
  12 fire dragons
  A fire dragon (shapeshifter) (Vaults:5)
  3 shambling mangroves (Swamp:4)
  A spriggan zombie (Hell)
  An entropy weaver (Vaults:2)
  14 great orbs of eyes
  A spectral fenstrider witch (Tar:2)
  15 hydras
  6 hell beasts
  2 rakshasas
  39 vault guards
  3 caustic shrike simulacra
  A quicksilver dragon skeleton (Hell)
  An ice dragon (Depths:3)
  A fenstrider witch zombie (Abyss:1)
  5 ghost crabs
  Erolcha (D:13)
  3 catoblepae (Lair:5)
  5 juggernaut simulacra
  4 ogre magi
  An alligator snapping turtle (shapeshifter) (Vaults:5)
  15 centaur warriors
  11 ironbound frosthearts
  3 peacekeepers
  5 two-headed ogres
  2 salamander tyrants
  Erica (D:8)
  6 anacondas
  4 death knights
  A merfolk avatar (Abyss:3)
  9 spriggan air magi
  3 boulder beetles
  2 deep troll shamans
  A spectral stone giant (Crypt:3)
  6 spectral nagas
  10 tengu warriors
  15 death yaks
  5 vampire magi
  14 alligators
  26 dancing weapons
  8 deep troll earth magi
  19 naga warriors
  3 orc high priests
  9 hell hogs (Depths:1)
  16 soul eaters
  10 spriggan berserkers
  A titan skeleton (Pan)
  8 hell knights
  3 spectral dire elephants
  A thrashing horror (Abyss:3)
  7 shock serpents
  A shock serpent (shapeshifter) (Vaults:5)
  11 naga sharpshooters
  A storm dragon zombie (Crypt:3)
  65 sun demons
  11 crystal echidnas
  25 shadow wraiths
  3 salamander mystics
  2 wretched stars (Abyss:2)
  25 deep elf knights
  5 iron trolls
  16 sixfirhies
  A skyshark (Lair:4)
  Amaemon (Lair:3)
  3 goliath frogs
  21 large abominations
  2 pharaoh ants (Zig:3)
  4 quicksilver dragon simulacra
  6 spectral anacondas
  A spectral bunyip (Tar:2)
  12 skeletal warriors
  7 glowing orange brains
  A storm dragon skeleton (Depths:1)
  10 flayed ghosts
  A swamp dragon (shapeshifter) (Vaults:5)
  7 swamp dragons
  6 spriggan druids
  An orb spider (shapeshifter) (Vaults:5)
  62 deep trolls
  3 obsidian statues (Zig:2)
  A shadow demon (Pan)
  A shadow dragon zombie (Crypt:3)
  19 deep elf archers
  2 lindwurms (shapeshifter)
  A spectral hydra (Swamp:4)
  20 ironbound convokers
  18 deep elf pyromancers
  A harpy (Vaults:3)
  2 fenstrider witch simulacra
  A harpy (shapeshifter) (Abyss:2)
  10 bog bodies
  10 orc knights
  5 starcursed masses
  10 wizards
  14 lindwurms
  10 naga ritualists
  23 phantasmal warriors
  53 ugly things
  3 oklob plants (Swamp:4)
  35 deep elf zephyrmancers
  A spectral ice dragon (Crypt:3)
  6 necromancers
  13 salamanders
  9 mana vipers
  3 tengu skeletons (Vaults:3)
  5 will-o-the-wisps
  3 orc sorcerers (Orc:2)
  A spectral fire dragon (Crypt:3)
  A sphinx skeleton (Vaults:3)
  3 spectral ettins
  A cyclops (shapeshifter) (Elf:1)
  8 shining eyes
  A stone giant zombie (Depths:1)
  A wolf spider (Zig:3)
  3 manticores
  5 spectral centaurs
  11 elephants
  29 moths of wrath
  9 cyclopes
  3 ice statues
  A centaur zombie (Crypt:3)
  25 black mambas
  A spectral alligator snapping turtle (Crypt:3)
  A frost giant skeleton (Depths:1)
  15 spectral spriggans
  4 stone giant skeletons
  8 guardian serpents
  9 rust devils
  18 smoke demons
  4 molten gargoyles (Hell)
  3 gargoyles
  26 naga magi
  2 titan simulacra
  12 demonic crawlers
  22 vault sentinels
  3 centaur skeletons (Pan)
  6 eyes of devastation
  17 orange demons
  A yellow draconian zombie (Crypt:3)
  9 cane toads
  10 hellions
  A red draconian zombie (Crypt:1)
  7 efreet (Pan)
  2 storm dragon simulacra
  4 unseen horrors (Tar:7)
  A sea snake zombie (Crypt:2)
  15 tormentors
  2 rime drakes
  45 yaktaurs
  A sea snake skeleton (Crypt:1)
  A spectral deep troll (Tar:1)
  An alligator snapping turtle skeleton (Pan)
  3 bunyip simulacra
  28 freezing wraiths
  A spectral demonspawn (Crypt:3)
  8 tengu conjurers
  3 kobold demonologists (D:11)
  7 komodo dragons
  2 yaktaur skeletons (Vaults:3)
  5 anaconda simulacra
  2 red draconian skeletons (Crypt:3)
  4 spriggan skeletons
  3 meliai (D:13)
  A queen bee (D:13)
  9 trolls
  4 hydra zombies (Swamp:4)
  10 ice devils
  4 silent spectres
  A death drake zombie (Swamp:4)
  3 meliai (shapeshifter) (D:15)
  A red devil (Pan)
  8 spectral harpies
  An ancient zyme (Abyss:2)
  A shadow dragon simulacrum (Coc:1)
  9 hellwings
  A bloated husk (Swamp:2)
  A tengu simulacrum (Coc:1)
  A death drake skeleton (Crypt:2)
  3 polar bears
  A tarantella (shapeshifter) (Elf:1)
  8 tyrant leeches
  11 hornets
  A hydra skeleton (Crypt:1)
  19 blink frogs
  A blink frog (shapeshifter) (Vaults:5)
  A harpy skeleton (Crypt:3)
  8 air elementals
  A culicivora zombie (Crypt:1)
  3 flying skulls (Crypt:1)
  109 slime creatures
  A jumping spider (Vaults:2)
  4 stone giant simulacra
  10 spriggans
  A culicivora (shapeshifter) (D:13)
  2 centaur simulacra
  2 vampires (D:10)
  17 ynoxinuls
  An ettin skeleton (Vaults:3)
  15 water elementals
  2 wyverns
  10 wraiths
  3 shadows
  12 fire elementals
  A human (D:13)
  64 yaks
  11 golden eyes
  7 dire elephant simulacra
  2 basilisks
  12 chaos spawn
  A redback (Vaults:2)
  3 steam dragons
  20 vampire mosquitoes
  An alligator snapping turtle simulacrum (Coc:1)
  6 neqoxecs (Pan)
  Menkaure (D:5)
  7 wargs
  14 harpy simulacra
  16 swamp worms
  A demonspawn zombie (Crypt:2)
  64 nagas
  12 hydra simulacra
  2 acid dragons
  A deep troll skeleton (Crypt:3)
  4 small abominations
  A glowing shapeshifter skeleton (Vaults:3)
  9 water moccasins
  3 human skeletons (Vaults:3)
  5 swamp drakes (Swamp:4)
  A sky beast (Lair:2)
  33 orc warriors
  3 ettin simulacra
  A black bear (Lair:4)
  2 swamp dragon zombies (Swamp:4)
  A boggart (Vaults:3)
  A manticore zombie (Crypt:3)
  7 ogres
  17 wolves
  13 centaurs
  3 swamp dragon skeletons (Swamp:4)
  A phantom (D:5)
  6 kobold brigands
  7 necrophages
  8 earth elementals
  2 gnoll sergeants
  2 naga simulacra
  11 bullfrogs
  2 scorpions
  8 wights
  A cyclops skeleton (Crypt:1)
  A warg skeleton (Crypt:2)
  An elephant simulacrum (IceCv)
  39 killer bees
  2 electric eels (D:12)
  12 howler monkeys
  A wolf zombie (Crypt:3)
  5 hounds
  23 orc priests
  4 jellies
  A sleepcap (D:6)
  5 iron imps
  Jessica (D:2)
  9 iguanas
  4 hell rats (Hell)
  18 orc wizards
  A troll simulacrum (IceCv)
  6 spriggan simulacra
  A wolf simulacrum (IceCv)
  An acid dragon skeleton (Crypt:3)
  2 naga skeletons
  A deep dwarf skeleton (Crypt:2)
  12 gnolls
  4 adders
  8 river rats (D:6)
  A shadow imp (Tar:7)
  A white imp (D:5)
  An ufetubus (D:5)
  An iguana zombie (Crypt:3)
  An adder skeleton (Crypt:1)
  A lava snake skeleton (Crypt:3)
  3 worms
  2 dart slugs (D:1)
  88 orcs
  11 bats
  9 endoplasms
  A giant cockroach (D:1)
  4 hobgoblins
  8 jackals
  10 quokkas
  3 training dummies (Orc:1)
  8 ball pythons
  2 frilled lizards
  15 goblins
  A hobgoblin zombie (Crypt:2)
  21 kobolds
  2 quokka zombies
  36 rats
  2 fire vortices
3472 creatures vanquished.

Vanquished Creatures (collateral kills)
  Mnoleg (Pan)
  Lom Lobon (Pan)
  Mennas (Vaults:2)
  Josephina (Crypt:1)
  A caustic shrike (Dis:4)
  A profane servitor (Tar:2)
  2 bone dragons (Tar:5)
  A Tzitzimitl (Tar:5)
  A doom hound (Tar:5)
  A Hell Sentinel (Dis:7)
  A tainted leviathan (Tar:2)
  Rupert (D:14)
  A vault warden (Vaults:2)
  2 very ugly things (Depths:2)
  A stone giant (Depths:2)
  2 bunyips (Swamp:1)
  2 vault guards (Vaults:2)
  A spectral spriggan (Tar:5)
  A death knight (Crypt:1)
  A naga sharpshooter (Snake:1)
  Urug (D:10)
  A death yak (Lair:2)
  A spriggan (Swamp:1)
  A soul eater (Pan)
  4 skeletal warriors (D:13)
  A wizard (Vaults:2)
  A bog body (Swamp:1)
  2 ironbound convokers (Vaults:2)
  2 ugly things (Vaults:2)
  A salamander (Snake:1)
  Joseph (D:10)
  A swamp worm zombie (Crypt:1)
  A tormentor (Pan)
  A tengu conjurer (Depths:2)
  A spectral harpy (Tar:5)
  2 hornets (Swamp:1)
  A stone giant simulacrum (Crypt:1)
  5 blink frogs (Lair:2)
  2 starcursed masses (Abyss:3)
  A neqoxec (Pan)
  An orc warrior (D:7)
  A centaur (D:7)
  3 ogres (Bailey)
  A bullfrog (D:8)
  A small abomination (Abyss:3)
  A killer bee (D:10)
  A gnoll bouda (D:7)
  A sleepcap (D:7)
  2 gnolls (D:7)
  6 orcs
  A goblin skeleton (Crypt:1)
  A fire vortex (Zig:5)
75 creatures vanquished.

Vanquished Creatures (others)
  A pandemonium lord (Zig:5)
  A caustic shrike (Dis:5)
  A tainted leviathan (Tar:4)
  A reaper (Zig:4)
  A green draconian (Zot:4)
  An elemental wellspring (Coc:6)
  A hell beast (Zig:5)
  An ogre mage (Depths:2)
  A sixfirhy (Zig:4)
  A quicksilver dragon simulacrum (Coc:2)
  A deep elf zephyrmancer (Elf:1)
  A salamander (Snake:4)
  A titan simulacrum (Coc:5)
  A gargoyle (D:10)
  An orange demon (Zig:5)
  A hellion (Coc:6)
  A tengu conjurer (D:15)
  A kobold demonologist (D:13)
  5 bloated husks
  A centaur simulacrum (Coc:2)
  2 yaks (D:10)
  2 ynoxinuls (Pan)
  A dire elephant simulacrum (Coc:5)
  A naga simulacrum (Coc:2)
  A human (Depths:2)
  A naga (Snake:4)
  A harpy simulacrum (Crypt:1)
  A swamp drake (Swamp:4)
  2 ogres (Bailey)
  An ettin simulacrum (Coc:4)
  A killer bee (D:10)
  6 ball lightnings (Pan)
  A fire vortex (Zig:5)
  18 foxfires
  34 fungi
  77 plants
  2 spectral weapons (Depths:3)
  6 starspawn tentacles (Abyss:3)
  6 toadstools (Swamp:3)
188 creatures vanquished.

Grand Total: 3735 creatures vanquished

Notes
Turn   | Place    | Note
-------+----------+-------------------------------------------
     0 | D:1      | RepoMan the Ghoul Berserker began the quest for the Orb.
     0 | D:1      | Reached XP level 1. HP: 19/19 MP: 0/0
   165 | D:1      | Reached XP level 2. HP: 20/26 MP: 1/1
   647 | D:1      | Reached XP level 3. HP: 30/31 MP: 2/2
   925 | D:1      | Reached ** piety under Trog
  1017 | D:2      | Noticed Natasha
  1031 | D:2      | Noticed Jessica
  1051 | D:2      | Killed Jessica
  1060 | D:2      | Reached XP level 4. HP: 32/38 MP: 3/3
  2414 | D:3      | Found a runed translucent door.
  2415 | D:3      | Noticed Crazy Yiuf
  2445 | D:3      | You fall into a shaft and drop 1 floor!
  2489 | D:4      | Reached skill level 5 in Axes
  2514 | D:4      | Reached XP level 5. HP: 45/45 MP: 4/4
  2655 | D:3      | Found a runed translucent gate.
  2655 | D:3      | Found a runed translucent gate.
  2655 | D:3      | Found a runed translucent gate.
  2656 | D:3      | Noticed Mulkerokala's ghost (amateur KoNe)
  2656 | D:3      | Noticed a kobold brigand
  2775 | D:3      | Reached *** piety under Trog
  3543 | D:4      | Reached XP level 6. HP: 47/51 MP: 5/5
  4381 | D:5      | Entered Level 5 of the Dungeon
  4786 | D:5      | Reached skill level 4 in Fighting
  4884 | D:5      | Reached XP level 7. HP: 43/59 MP: 6/6
  5316 | D:5      | Noticed Menkaure
  5348 | D:5      | Killed Menkaure
  5585 | D:5      | Found a staircase to the Ecumenical Temple.
  5647 | D:5      | Reached skill level 5 in Fighting
  6078 | D:6      | Reached XP level 8. HP: 58/68 MP: 7/7
  6132 | D:6      | Found an ancient bone altar of Kikubaaqudgha.
  7017 | D:6      | Reached skill level 6 in Fighting
  7069 | D:6      | Found the +2 pair of slick slippers {slick, slippery, EV+4}
  7158 | D:6      | Reached **** piety under Trog
  7355 | D:7      | Reached XP level 9. HP: 75/78 MP: 8/8
  8141 | D:8      | Identified the +4 ring mail "Huqiecsa" {Int+3}
  8240 | D:8      | Reached skill level 10 in Axes
  8423 | D:8      | Found a flagged portal.
  8442 | Bailey   | Entered a bailey
  8568 | Bailey   | Reached skill level 7 in Fighting
  8596 | Bailey   | Noticed a two-headed ogre
  8622 | Bailey   | Killed a two-headed ogre
  8623 | Bailey   | Reached XP level 10. HP: 86/86 MP: 9/9
  9129 | D:8      | Noticed Erica
  9141 | D:8      | Killed Erica
  9142 | D:8      | Reached skill level 5 in Armour
  9142 | D:8      | Reached skill level 5 in Dodging
  9142 | D:8      | Reached skill level 1 in Shields
  9303 | D:9      | Reached ***** piety under Trog
  9340 | D:9      | Found a burning altar of Makhleb.
  9344 | D:9      | Found a bloodstained altar of Trog.
  9355 | D:9      | Found a hazy altar of Hepliaklqana.
  9355 | D:9      | Found an iron altar of Okawaru.
  9480 | D:9      | Reached skill level 8 in Fighting
 10004 | D:10     | Entered Level 10 of the Dungeon
 10045 | D:9      | Reached XP level 11. HP: 94/94 MP: 10/10
 10117 | D:10     | Noticed Joseph
 10126 | D:10     | Killed Joseph
 10127 | D:10     | Noticed a two-headed ogre
 10147 | D:10     | Killed a two-headed ogre
 10178 | D:10     | Noticed Urug
 10191 | D:10     | Killed Urug
 10316 | D:10     | Found a staircase to the Lair.
 10316 | D:10     | Noticed a death yak
 10329 | D:10     | Noticed a death yak
 10355 | D:10     | Noticed a death yak
 10714 | Lair:1   | Entered Level 1 of the Lair of Beasts
 11109 | Lair:1   | Identified the +10 dagger of Valiance {freeze, rC+}
 11546 | Lair:2   | Reached skill level 9 in Fighting
 12073 | Lair:2   | Noticed a death yak
 12073 | Lair:2   | Noticed a death yak
 12101 | Lair:2   | Reached XP level 12. HP: 91/104 MP: 11/11
 12105 | Lair:2   | Killed a death yak
 12111 | Lair:2   | Noticed Gastronok
 12120 | Lair:2   | Killed Gastronok
 12121 | Lair:2   | Reached skill level 5 in Shields
 12382 | Lair:2   | Noticed a death yak
 12397 | Lair:2   | Noticed a death yak
 12398 | Lair:2   | Killed a death yak
 12415 | Lair:2   | Killed a death yak
 12423 | Lair:2   | Killed a death yak
 12644 | Lair:3   | Reached skill level 10 in Fighting
 12751 | Lair:3   | Found a staircase to the Snake Pit.
 13221 | Lair:3   | Noticed a five-headed hydra
 13226 | Lair:3   | Killed a two-headed hydra
 13227 | Lair:3   | Noticed a seven-headed hydra
 13240 | Lair:3   | Killed a one-headed hydra
 13492 | Lair:3   | Found a staircase to the Swamp.
 13633 | Lair:3   | Noticed Amaemon
 13642 | Lair:3   | Killed Amaemon
 13645 | Lair:3   | Reached XP level 13. HP: 110/115 MP: 12/12
 13868 | Lair:4   | Reached skill level 11 in Fighting
 14071 | Lair:4   | Found a gate leading to a gauntlet.
 14081 | Gauntlet | Entered a Gauntlet
 14081 | Gauntlet | Found a transporter.
 14081 | Gauntlet | Found a transporter.
 14081 | Gauntlet | Found a runed translucent door.
 14081 | Gauntlet | Found a runed translucent door.
 14084 | Gauntlet | Upgraded the game from 0.30-a0-1002-ga41ad49a19 to
                  | 0.30-a0-1035-g38d5fb2972
 14084 | Gauntlet | Found a transporter.
 14084 | Gauntlet | Found a transporter.
 14113 | Gauntlet | Found a transporter.
 14114 | Gauntlet | Found a transporter.
 14117 | Gauntlet | Found a transporter.
 14117 | Gauntlet | Found a transporter.
 14126 | Gauntlet | Noticed a green death
 14131 | Gauntlet | Found a transporter.
 14144 | Gauntlet | Found a transporter.
 14154 | Gauntlet | Found a transporter.
 14168 | Gauntlet | Found a transporter.
 14188 | Gauntlet | Found a transporter.
 14200 | Gauntlet | Found a transporter.
 14388 | Gauntlet | Killed a green death
 14399 | Gauntlet | Identified the +1 hat of Haximak {rElec rF- Regen+ Slay+2}
 14455 | Gauntlet | Noticed a minotaur
 14466 | Gauntlet | Killed a minotaur
 14472 | Gauntlet | Identified the +3 spear "Suppoc" {heavy, Str+2}
 14534 | Lair:4   | Found a runed translucent gate.
 14535 | Lair:4   | Found a runed translucent gate.
 14536 | Lair:4   | Found a runed translucent gate.
 14557 | Lair:4   | Noticed a minotaur
 14558 | Lair:4   | Noticed Haerphoy's ghost (journeyman MiFi)
 14689 | Lair:4   | Identified the +3 war axe of Valiance {heavy, Fly rElec
                  | Str+3} (Trog gifted it to you on level 4 of the Lair of
                  | Beasts)
 14689 | Lair:4   | Received a gift from Trog
 14695 | Lair:4   | Reached skill level 15 in Axes
 14979 | Lair:5   | Entered Level 5 of the Lair of Beasts
 15345 | Lair:5   | Reached skill level 12 in Fighting
 15655 | Lair:5   | Reached XP level 14. HP: 120/126 MP: 11/13
 16466 | Lair:5   | Found a staircase to the Slime Pits.
 16643 | Lair:5   | Reached ****** piety under Trog
 16703 | Lair:5   | Noticed Nessos
 16714 | Lair:5   | Killed Nessos
 16715 | Lair:5   | Reached skill level 13 in Fighting
 17186 | D:10     | Found a staircase to the Orcish Mines.
 17190 | D:10     | Received a gift from Trog
 17242 | Orc:1    | Entered Level 1 of the Orcish Mines
 17591 | Orc:2    | Entered Level 2 of the Orcish Mines
 17591 | Orc:2    | Found a staircase to the Elven Halls.
 17994 | Orc:1    | Found Cuoga's Antique Armour Boutique.
 18052 | Orc:1    | Received a gift from Trog
 18073 | Orc:1    | Found Tatones's Firing Range.
 18076 | Orc:1    | Bought a throwing net for 42 gold pieces
 18435 | Orc:2    | Noticed an orc warlord
 18453 | Orc:2    | Killed an orc warlord
 18454 | Orc:2    | Reached XP level 15. HP: 126/136 MP: 14/14
 18512 | Orc:2    | Found Nosyinlicuh's Antique Weapon Shop.
 18569 | Orc:2    | Found Leokhlasu's Antique Armour Shop.
 18600 | Orc:2    | Found Esoatab's General Store.
 18608 | Orc:2    | Bought a potion of heal wounds for 70 gold pieces
 18608 | Orc:2    | Bought a scroll of teleportation for 42 gold pieces
 18608 | Orc:2    | Bought a scroll of teleportation for 42 gold pieces
 18616 | Orc:2    | Found Tucaocvi's Jewellery Shop.
 19780 | D:11     | Reached skill level 10 in Shields
 19827 | D:11     | Identified the +0 leather armour "Dops" {rPois rN+ Int+5
                  | Slay+3}
 20450 | D:12     | Reached skill level 14 in Fighting
 20453 | D:11     | Received a gift from Trog
 20768 | D:12     | Found a frozen archway.
 20939 | IceCv    | Entered an ice cave
 21769 | D:12     | Found Pabinueng's General Store.
 21808 | D:12     | Received a gift from Trog
 21996 | D:13     | Found Ofamec's Antique Armour Boutique.
 22248 | D:13     | Noticed Erolcha
 22261 | D:13     | Killed Erolcha
 22272 | D:13     | Identified the +2 trident of Oenomania {chaos, Str+4}
 22765 | D:13     | Reached XP level 16. HP: 82/147 MP: 10/15
 23165 | D:13     | Received a gift from Trog
 23351 | D:13     | Found a gate to the Vaults.
 23483 | D:14     | Reached skill level 15 in Fighting
 23485 | D:14     | Noticed Snorg
 23644 | D:14     | Killed Snorg
 23665 | D:14     | Identified a scroll of acquirement
 23668 | D:14     | Acquired the +2 shield of Resistance {rF++ rC++ Will++}
 23668 | D:14     | Found the +2 shield of Resistance {rF++ rC++ Will++}
 23931 | D:14     | Noticed Rupert
 23948 | D:14     | Killed Rupert
 24145 | D:15     | Entered Level 15 of the Dungeon
 24474 | D:15     | Noticed Jorgrun
 24517 | D:15     | Found a staircase to the Depths.
 24700 | D:15     | Found a hide-covered altar of Uskayaw.
 25458 | D:15     | Killed Jorgrun
 25533 | D:13     | Bought a brightly glowing plate armour for 812 gold pieces
 25533 | D:13     | Identified the +0 plate armour of the Known World {rPois
                  | Regen+ Slay-2} (You bought it in a shop on level 13 of the
                  | Dungeon)
 25657 | Snake:1  | Entered Level 1 of the Snake Pit
 25742 | Snake:1  | Noticed a nagaraja
 25756 | Snake:1  | Killed a nagaraja
 25844 | Snake:1  | Received a gift from Trog
 25922 | Snake:1  | Noticed Aizul
 25936 | Snake:1  | Killed Aizul
 26005 | Snake:1  | Found Jeob's Weapon Shop.
 26008 | Snake:1  | Found Vurphial's Antique Armour Boutique.
 26008 | Snake:1  | Found Qofror's Weapon Shop.
 26013 | Snake:1  | Found Qodu's Distillery.
 26169 | Snake:1  | Found a flickering gateway to a bazaar.
 26234 | Bazaar   | Entered a bazaar
 26238 | Bazaar   | Found Yrixzore's Magic Scroll Boutique.
 26256 | Bazaar   | Found Wiexoz's Antique Weapon Emporium.
 26273 | Bazaar   | Found Irryi's Book Boutique.
 26290 | Bazaar   | Found Yguntar's Antique Armour Shoppe.
 26312 | Bazaar   | Bought a scroll of teleportation for 36 gold pieces
 26312 | Bazaar   | Bought 3 scrolls of torment for 342 gold pieces
 26312 | Bazaar   | Bought a scroll of silence for 114 gold pieces
 26312 | Bazaar   | Bought a scroll of blinking for 90 gold pieces
 26312 | Bazaar   | Bought a scroll of immolation for 48 gold pieces
 26312 | Bazaar   | Bought a scroll of magic mapping for 90 gold pieces
 26312 | Bazaar   | Bought a scroll of magic mapping for 90 gold pieces
 26499 | Snake:2  | Found Toonock's Armour Boutique.
 26604 | Snake:2  | Reached XP level 17. HP: 157/158 MP: 13/16
 26717 | Snake:2  | Reached skill level 16 in Fighting
 26844 | Snake:2  | Received a gift from Trog
 27093 | Snake:2  | Noticed Vashnia
 27115 | Snake:2  | Killed Vashnia
 28555 | Snake:4  | Entered Level 4 of the Snake Pit
 28793 | Snake:4  | Received a gift from Trog
 28818 | Snake:4  | Reached skill level 15 in Shields
 28850 | Snake:4  | Noticed Asterion
 28860 | Snake:4  | Noticed an Executioner
 28875 | Snake:4  | Killed Asterion
 29267 | Snake:4  | Reached XP level 18. HP: 162/168 MP: 17/17
 29608 | Snake:4  | Received a gift from Trog
 29820 | Snake:4  | Got a serpentine rune of Zot
 30131 | Snake:2  | Bought a +2 cloak of preservation for 301 gold pieces
 30243 | Swamp:1  | Entered Level 1 of the Swamp
 30244 | Swamp:1  | Upgraded the game from 0.30-a0-1035-g38d5fb2972 to
                  | 0.30-a0-1059-g7dea3e163d
 30667 | Swamp:1  | Noticed Louise
 30684 | Swamp:1  | Killed Louise
 30790 | Swamp:1  | Found a blossoming altar of Fedhas.
 31713 | Swamp:2  | Received a gift from Trog
 31831 | Swamp:2  | Reached skill level 17 in Fighting
 31995 | Swamp:2  | Reached XP level 19. HP: 120/177 MP: 13/18
 32854 | Swamp:4  | Entered Level 4 of the Swamp
 32864 | Swamp:3  | Reached skill level 1 in Throwing
 32997 | Swamp:4  | Received a gift from Trog
 33563 | Swamp:4  | Found a basalt altar of Yredelemnul.
 33575 | Swamp:4  | Got a decaying rune of Zot
 33616 | Swamp:4  | Found a blossoming altar of Fedhas.
 33939 | Elf:1    | Entered Level 1 of the Elven Halls
 33942 | Elf:1    | Upgraded the game from 0.30-a0-1059-g7dea3e163d to
                  | 0.30-a0-1074-g5db6f66fbb
 34101 | Elf:1    | Received a gift from Trog
 34482 | Elf:1    | Reached skill level 18 in Fighting
 34951 | Elf:1    | Noticed Frances
 34967 | Elf:1    | Killed Frances
 35152 | Elf:2    | Reached skill level 5 in Throwing
 35260 | Elf:2    | Paralysed by an air elemental for 1 turns
 35265 | Elf:2    | Paralysed by an air elemental for 1 turns
 35396 | Elf:2    | Paralysed by an air elemental for 1 turns
 35398 | Elf:2    | Paralysed by an air elemental for 1 turns
 35400 | Elf:2    | Received a gift from Trog
 35401 | Elf:2    | Reached XP level 20. HP: 188/188 MP: 19/19
 35649 | Elf:2    | Found a runed translucent gate.
 35649 | Elf:2    | Found a runed translucent gate.
 35658 | Elf:2    | Found a runed translucent gate.
 35816 | Elf:2    | Reached skill level 10 in Armour
 35898 | Elf:2    | Received a gift from Trog
 36301 | Elf:3    | Entered Level 3 of the Elven Halls
 36481 | Elf:3    | Found Ituor's Armour Shoppe.
 36557 | Elf:3    | Received a gift from Trog
 36773 | Elf:3    | Paralysed by an air elemental for 1 turns
 37163 | Elf:3    | Received a gift from Trog
 37218 | Elf:3    | Reached skill level 19 in Fighting
 37235 | Elf:3    | Identified the ring "Ischuczedd" {*Slow rF++ Dex+6}
 37528 | Elf:3    | Identified the +0 robe "Nitsok" {Int+5 Dex-2}
 37707 | Elf:3    | Identified the staff of air "Fenov" {rElec rPois Str+2
                  | Dex-4}
 37723 | Elf:3    | Identified the +1 helmet of Time Monsters {Fly Str+3}
 37749 | Elf:3    | Identified the amulet of the Castellan {Acrobat Fragile
                  | rCorr Str+3}
 37784 | Elf:3    | Identified the staff of conjuration "Amak" {rN+ MP+9 Str+3}
 38160 | Vaults:1 | Entered Level 1 of the Vaults
 38292 | Vaults:1 | Reached XP level 21. HP: 198/198 MP: 17/20
 38425 | Vaults:1 | Identified the +2 scale mail "Nayffyirch" {Dex+5}
 38500 | Vaults:1 | Received a gift from Trog
 39250 | Vaults:1 | Found a runed translucent gate.
 39250 | Vaults:1 | Found a runed translucent gate.
 39250 | Vaults:1 | Found a runed translucent gate.
 39250 | Vaults:1 | Noticed MacCMillion's ghost (adept DgHu)
 39253 | Vaults:1 | Found a viscous altar of Jiyva.
 39422 | Vaults:1 | Killed MacCMillion's ghost
 39775 | Vaults:2 | Received a gift from Trog
 39916 | Vaults:2 | Noticed Boris
 40095 | Vaults:2 | Killed Boris
 40375 | Vaults:2 | Reached skill level 20 in Fighting
 40612 | Vaults:2 | Found a portal to a secret trove of treasure.
 40648 | Vaults:2 | Noticed Mennas
 40659 | Vaults:2 | Killed Mennas
 40674 | Vaults:2 | Reached XP level 22. HP: 143/209 MP: 13/21
 41126 | Vaults:2 | Received a gift from Trog
 41337 | Vaults:3 | Found a transporter.
 41384 | Vaults:3 | Found a bloodstained altar of Trog.
 41384 | Vaults:3 | Found the +8 Wrath of Trog {antimagic, *Rage Rampage}
 41880 | Vaults:3 | Reached skill level 10 in Throwing
 41966 | Vaults:3 | Received a gift from Trog
 42080 | Vaults:3 | Found Iqemod's Weapon Shop.
 42892 | Vaults:3 | Received a gift from Trog
 42960 | Vaults:3 | Found a staircase to the Crypt.
 43143 | Vaults:4 | Noticed Boris
 43161 | Vaults:4 | Killed Boris
 43273 | Vaults:4 | Identified the +2 flail of Ychour {drain, *Corrode Str+6}
 43621 | Vaults:4 | Reached XP level 23. HP: 218/218 MP: 17/22
 44342 | Crypt:1  | Entered Level 1 of the Crypt
 44566 | Crypt:1  | Received a gift from Trog
 44691 | Crypt:1  | Reached skill level 21 in Fighting
 44699 | Crypt:1  | Identified the ring of Res Nullius {Ice Int+3}
 44699 | Crypt:1  | Noticed Josephina
 44787 | Crypt:1  | Killed Josephina
 45213 | Crypt:2  | Noticed Boris
 45230 | Crypt:2  | Killed Boris
 46193 | Crypt:3  | Entered Level 3 of the Crypt
 46247 | Crypt:3  | Received a gift from Trog
 46760 | Crypt:3  | Received a gift from Trog
 47105 | Crypt:3  | Found a staircase to the Tomb.
 47395 | Crypt:3  | Identified the ring of Fikinom {rN+ Int+4}
 47395 | Crypt:3  | Identified the ring of Satisfaction {rN+ rCorr SInv}
 47410 | Crypt:3  | Reached XP level 24. HP: 225/228 MP: 21/22
 47619 | Crypt:3  | Identified the +5 ring mail of the Armadillo {rN+ Dex+2
                  | Stlth+}
 47653 | Crypt:3  | Identified the staff of conjuration "Baigiun" {rElec Dex+2}
 47681 | Crypt:3  | Identified the +9 whip "Zyseq" {heavy, Contam rPois rN++
                  | Dex+4}
 47682 | Crypt:3  | Identified the staff of cold "Ublam" {rC+ rN+ Will- rCorr
                  | Int+6}
 47743 | Crypt:3  | Identified the staff of fire "Deolourgh" {rF+ rN+}
 48242 | Depths:1 | Entered Level 1 of the Depths
 48246 | Depths:1 | Upgraded the game from 0.30-a0-1074-g5db6f66fbb to
                  | 0.30-a0-1085-g990a428a5c
 48273 | Depths:1 | Reached skill level 1 in Evocations
 48343 | Depths:1 | Received a gift from Trog
 48501 | Depths:1 | Reached skill level 15 in Armour
 48534 | Depths:1 | Identified the +6 glaive "Juyshrin" {flame, rElec}
 48535 | Depths:1 | Identified the +3 battleaxe of Rirroet {flame, Dex+6}
 49077 | Depths:1 | Found a one-way gateway to a ziggurat.
 49282 | Depths:1 | Received a gift from Trog
 49383 | Depths:1 | Found a one-way gate to the infinite horrors of the Abyss.
 49415 | Depths:1 | Found a gateway to Hell.
 49884 | Depths:2 | Reached skill level 5 in Evocations
 50034 | Depths:2 | Received a gift from Trog
 50098 | Depths:2 | Found a one-way gate leading to the halls of Pandemonium.
 50813 | Depths:3 | Noticed a juggernaut
 50837 | Depths:3 | Killed a juggernaut
 50848 | Depths:3 | Reached XP level 25. HP: 235/235 MP: 11/22
 50994 | Depths:3 | Received a gift from Trog
 51053 | Depths:3 | Acquired the +3 pair of gauntlets of War {Slay+5}
 51053 | Depths:3 | Found the +3 pair of gauntlets of War {Slay+5}
 51859 | Depths:3 | Found a stormy altar of Qazlal.
 52141 | Depths:4 | Entered Level 4 of the Depths
 52210 | Depths:4 | Found the +3 warlock's mirror {omnireflect}
 52545 | Depths:4 | Received a gift from Trog
 52963 | Depths:4 | Found a gate to the Realm of Zot.
 53185 | D:12     | Bought a wand of digging (6) for 352 gold pieces
 53185 | D:12     | Bought a wand of flame (8) for 78 gold pieces
 53347 | Snake:1  | Bought a potion of haste for 180 gold pieces
 53347 | Snake:1  | Bought a potion of heal wounds for 90 gold pieces
 53347 | Snake:1  | Bought a potion of heal wounds for 90 gold pieces
 53347 | Snake:1  | Bought a potion of curing for 54 gold pieces
 53347 | Snake:1  | Bought a potion of might for 72 gold pieces
 53347 | Snake:1  | Bought a potion of might for 72 gold pieces
 53347 | Snake:1  | Bought a potion of might for 72 gold pieces
 53347 | Snake:1  | Bought a potion of might for 72 gold pieces
 53416 | Slime:1  | Entered Level 1 of the Pits of Slime
 53542 | Slime:1  | You fall into a shaft and drop 1 floor!
 53652 | Slime:2  | Reached skill level 15 in Throwing
 53660 | Slime:2  | Received a gift from Trog
 53826 | Slime:5  | Entered Level 5 of the Pits of Slime
 54210 | Slime:5  | Noticed the Royal Jelly
 54226 | Slime:5  | Reached skill level 22 in Fighting
 54260 | Slime:5  | Killed the Royal Jelly
 54261 | Slime:5  | Reached XP level 26. HP: 152/246 MP: 6/22
 54282 | Slime:5  | Received a gift from Trog
 54351 | Slime:5  | Got a slimy rune of Zot
 54362 | Slime:5  | Identified the +1 longbow of Valiance {drain, Str+6 Int+4
                  | Dex-2}
 54367 | Slime:5  | Identified the +6 battleaxe of Eternal War {heavy, Str+2
                  | Int+2 Dex+3}
 54377 | Slime:5  | Identified the staff of earth "Bebb" {*Corrode Fly rN+++
                  | MP+9}
 54415 | Slime:5  | Identified the +5 ring mail of the Bagpipe {+Inv rC+ Str+3
                  | Int-3}
 54425 | Slime:5  | Identified the ring "Wazylu" {Drain Will+ Str+2 Int+2
                  | Dex+6}
 54566 | Lair:4   | Killed Haerphoy's ghost
 54866 | Zot:1    | Entered Level 1 of the Realm of Zot
 55226 | Zot:1    | Found a transporter.
 55230 | Zot:1    | Found a transporter.
 55230 | Zot:1    | Found a transporter.
 55353 | Zot:1    | Found a transporter.
 55849 | Zot:1    | Reached skill level 10 in Evocations
 56354 | Zot:2    | Received a gift from Trog
 57525 | Zot:3    | Identified the +2 long sword "Impbane" {flame, rF++ Will+}
                  | (Trog gifted it to you on level 3 of the Realm of Zot)
 57525 | Zot:3    | Received a gift from Trog
 58200 | Zot:4    | Reached skill level 23 in Fighting
 58425 | Zot:4    | Noticed an orb of fire
 58443 | Zot:4    | Killed an orb of fire
 58444 | Zot:4    | Reached XP level 27. HP: 188/258 MP: 0/22
 59523 | Vaults:3 | Found a transporter.
 59523 | Vaults:3 | Found a runed translucent door.
 59583 | Vaults:3 | Received a gift from Trog
 59735 | Vaults:3 | Identified the +5 chain mail of Infinity {Int+3}
 59891 | Vaults:5 | Entered Level 5 of the Vaults
 59894 | Vaults:5 | Noticed Bai Suzhen
 59895 | Vaults:5 | Noticed Boris
 59907 | Vaults:5 | Killed Boris
 59914 | Vaults:5 | Killed Bai Suzhen
 59923 | Vaults:5 | Identified the amulet "Ponwas" {Reflect Rampage +Blink
                  | SH+5}
 60021 | Vaults:5 | Received a gift from Trog
 60084 | Vaults:5 | Identified the amulet of Due Proportion {RegenMP Str+3}
 60113 | Vaults:5 | Identified the +0 sling "Hytatoqy" {elec, rElec Int-4 Dex+6
                  | SInv}
 60122 | Vaults:5 | Noticed an ancient lich
 60142 | Vaults:5 | Killed an ancient lich
 60247 | Vaults:5 | Identified the +10 scimitar of Daicea Woke {vamp, rN+
                  | Int+3}
 60560 | Vaults:5 | Received a gift from Trog
 60562 | Vaults:5 | Noticed an ancient lich
 60591 | Vaults:5 | Killed an ancient lich
 60650 | Vaults:5 | Noticed a dread lich
 60657 | Vaults:5 | Killed a dread lich
 60684 | Vaults:5 | Identified the +9 short sword of Watchfulness {venom, Str+4
                  | Stlth+}
 60727 | Vaults:5 | Identified the +2 robe of the Sneaky Yaks {rC+ Str+2
                  | Stlth+}
 60829 | Vaults:5 | Identified the +6 scale mail of Courage {Regen+ Int-5
                  | Dex+5}
 60943 | Vaults:5 | Received a gift from Trog
 60954 | Vaults:5 | Identified the +3 dagger "Titax" {flame, Str+3 SInv}
 61202 | Vaults:5 | Identified the +5 great sword "Cahateva" {speed, rPois
                  | Str+2}
 61202 | Vaults:5 | Identified the ring "Xumo" {Will+ Int+6 Dex+2 Stlth+}
 61204 | Vaults:5 | Identified the +2 double sword of the Dark Horse {flame,
                  | Dex+4}
 61484 | Vaults:5 | Identified the staff of conjuration "Zigoidam" {Dex+3}
 61497 | Vaults:5 | Noticed a dread lich
 61515 | Vaults:5 | Killed a dread lich
 61666 | Vaults:5 | Got a silver rune of Zot
 61682 | Vaults:5 | Identified the staff of earth "Besiurch" {rN+ rCorr Dex-2
                  | Stlth+}
 61787 | Vaults:2 | You paid a toll of 20 potions of curing to enter a treasure
                  | trove
 61788 | Trove    | Entered a treasure trove
 61795 | Trove    | Identified the +2 sling of Ydexy {freeze, SInv}
 61802 | Trove    | Identified the +1 hand axe "Vownazat" {vamp, rF+++ Will+++
                  | Str-3 Dex-4}
 61804 | Trove    | Identified the +5 dagger "Soolugez" {vamp, Fragile rPois
                  | rF+ Str+3}
 61805 | Trove    | Identified the +5 dagger "Uweck" {vamp, *Corrode Str+3
                  | Dex+2}
 61821 | Trove    | Identified the +8 hand axe of Xuyfutru {chaos, rF+ rN+
                  | Str+2 Int+3}
 62021 | Zig:1    | Entered Level 1 of a ziggurat
 62035 | Zig:2    | Entered Level 2 of a ziggurat
 62035 | Zig:2    | Noticed Jeadar the pandemonium lord
 62051 | Zig:2    | Killed Jeadar the pandemonium lord
 62081 | Zig:3    | Entered Level 3 of a ziggurat
 62081 | Zig:3    | Found the +10 zealot's sword {holy, Zealotry, *Rage rN+
                  | EV+3}
 62101 | Zig:4    | Entered Level 4 of a ziggurat
 62102 | Zig:4    | Noticed Potwuan the pandemonium lord
 62122 | Zig:4    | Killed Potwuan the pandemonium lord
 62229 | Zig:5    | Entered Level 5 of a ziggurat
 62234 | Zig:5    | Noticed Ulewner the pandemonium lord
 62248 | Zig:5    | Killed Ulewner the pandemonium lord
 62259 | Zig:5    | Identified the ring "Plog" {rPois Will+++ rCorr Str+6
                  | Int-5}
 62267 | Zig:5    | Identified the +9 shortbow of Zolloun {drain, rF+}
 62270 | Zig:5    | Identified the ring "Neatodohit" {Wiz Fly}
 62297 | Zig:6    | Entered Level 6 of a ziggurat
 62301 | Zig:6    | Found the +8 demon trident "Rift" {distort, reach+}
 62304 | Zig:6    | Found the +8 lance "Wyrmbane" {slay drac, rPois rF+ rC+
                  | AC+3}
 62304 | Zig:6    | Found the +8 demon blade "Leech" {evervamp, Harm Drain rN+}
 62347 | Zig:6    | Identified the staff of cold "Wavimisyre" {+Blink rC+ rCorr
                  | Str+3 Int+4}
 62440 | Zig:7    | Entered Level 7 of a ziggurat
 62447 | Zig:7    | Noticed a dread lich
 62459 | Zig:7    | Received a gift from Trog
 62463 | Zig:7    | Killed a dread lich
 62489 | Zig:7    | Identified the staff of air "Hiluxtureb" {rElec Int-2
                  | Dex+3}
 62520 | Zig:8    | Entered Level 8 of a ziggurat
 62552 | Zig:8    | Reached skill level 10 in Dodging
 62579 | Zig:8    | Identified the +2 robe of Wu Jian {Dex+4}
 62587 | Zig:8    | Identified the amulet "Jyoteim" {Faith rPois Will+}
 62680 | Depths:2 | Found a runed door.
 62726 | Depths:2 | Noticed an ancient lich
 62737 | Depths:2 | Killed an ancient lich
 62770 | Depths:2 | Identified the amulet "Rus Epar" {Acrobat Rampage Will-
                  | Str+3 Dex+3}
 62807 | Depths:2 | Identified the +8 flail "Jeyl" {freeze, rC+}
 62816 | Depths:2 | Acquired 463 gold pieces
 62850 | Depths:2 | Received a gift from Trog
 62955 | Pan      | Entered Pandemonium
 62962 | Pan      | Found a transporter.
 62964 | Pan      | Found a transporter.
 62977 | Pan      | Found a transporter.
 63221 | Pan      | Entered the realm of Cerebov.
 63653 | Pan      | Found an exit through the horrors of the Abyss.
 63765 | Pan      | Received a gift from Trog
 64184 | Pan      | Identified the +6 fire dragon scales of Deloez {+Blink rF++
                  | rC-}
 64248 | Pan      | Identified the ring "Etayko Syst" {rC+ rN+ Dex+2 SInv}
 64348 | Pan      | Identified the +2 morningstar of the Badger {freeze, rCorr
                  | Str+2}
 64491 | Pan      | Identified the staff of cold "Cecoadon" {rF+ rC+ Str+2
                  | Int+2 Stlth+}
 64494 | Pan      | Identified the staff of air "Racua" {rElec Will+}
 64584 | Pan      | Identified the +6 whip "Affuecai" {protect, rPois rC+ rN+
                  | Stlth+}
 64593 | Pan      | Found the +6 sword of Cerebov {flame}
 64593 | Pan      | Noticed Cerebov
 64644 | Pan      | Killed Cerebov
 64656 | Pan      | Got a fiery rune of Zot
 64695 | Pan      | Identified the staff of conjuration "Ivubat" {rF- rN+ rCorr
                  | Int+4}
 64764 | Pan      | Found an exit through the horrors of the Abyss.
 64803 | Pan      | Noticed Akeang the pandemonium lord
 65016 | Pan      | Entered the realm of Mnoleg.
 65062 | Pan      | Received a gift from Trog
 65123 | Pan      | Reached skill level 24 in Fighting
 65138 | Pan      | Noticed Mnoleg
 65151 | Pan      | Killed Mnoleg
 65174 | Pan      | Got a glowing rune of Zot
 65999 | Pan      | Received a gift from Trog
 65999 | Pan      | Found the +8 whip "Snakebite" {venom, curare, rPois}
 66145 | Pan      | Noticed Lazout the pandemonium lord
 66173 | Pan      | Killed Lazout the pandemonium lord
 66291 | Pan      | Found a runed translucent door.
 66306 | Pan      | Got a demonic rune of Zot
 66346 | Pan      | Found an exit through the horrors of the Abyss.
 66411 | Pan      | Entered the realm of Gloorx Vloq.
 66582 | Pan      | Found an exit through the horrors of the Abyss.
 66930 | Pan      | Noticed Gloorx Vloq
 66955 | Pan      | Killed Gloorx Vloq
 66980 | Pan      | Got a dark rune of Zot
 67124 | Pan      | Received a gift from Trog
 67248 | Pan      | Identified the +0 robe of the Land of Plenty {SInv}
 67283 | Pan      | Found a transporter.
 67329 | Pan      | Found a transporter.
 67644 | Pan      | Identified the +5 scale mail of the Black Moon {rPois rCorr
                  | Str-4 Int+2}
 67656 | Pan      | Identified the ring of Liewu {rPois rCorr Int+4 SInv}
 67662 | Pan      | Identified the +0 pair of boots of Otwiri {rC- Regen+ Int+5
                  | Stlth+}
 67669 | Pan      | Identified the ring of Foolhardiness {Ice Will- Dex+5}
 67756 | Pan      | Entered the realm of Lom Lobon.
 67870 | Pan      | Noticed Lom Lobon
 67941 | Pan      | Received a gift from Trog
 67954 | Pan      | Killed Lom Lobon
 67968 | Pan      | Got a magical rune of Zot
 68253 | Depths:2 | Escaped Pandemonium
 68345 | Depths:1 | Voluntarily entered the Abyss.
 68460 | Abyss:2  | Found a corrupted altar of Lugonu.
 68603 | Abyss:3  | Found a corrupted altar of Lugonu.
 68610 | Abyss:3  | Reached skill level 25 in Fighting
 68654 | Abyss:3  | Got an abyssal rune of Zot
 68663 | Depths:1 | Escaped the Abyss
 68696 | Hell     | Entered the Vestibule of Hell
 68709 | Hell     | Noticed Geryon
 68743 | Hell     | Reached skill level 1 in Invocations
 68746 | Depths:1 | Received a gift from Trog
 68858 | Hell     | Killed Geryon
 68933 | Hell     | Noticed Murray
 68940 | Hell     | Killed Murray
 69107 | Hell     | Found a gateway to the Iron City of Dis.
 69159 | Hell     | Found a gateway to the decaying netherworld of Tartarus.
 69284 | Hell     | Found a gateway to the ashen valley of Gehenna.
 69401 | Tar:1    | Entered Level 1 of Tartarus
 69410 | Tar:1    | Received a gift from Trog
 69439 | Tar:1    | Reached skill level 5 in Invocations
 70094 | Tar:4    | Received a gift from Trog
 70285 | Tar:5    | Reached skill level 15 in Dodging
 70298 | Tar:5    | Reached skill level 15 in Evocations
 70973 | Tar:7    | Entered Level 7 of Tartarus
 71292 | Tar:7    | Reached skill level 10 in Invocations
 71621 | Tar:7    | Identified the ring "Uhemuti" {Str+6 Dex+3 Stlth+}
 71649 | Tar:7    | Identified the +1 ring mail of Midnight {Will++ Int+4
                  | Stlth-}
 71675 | Tar:7    | Received a gift from Trog
 72388 | Tar:7    | Noticed Ereshkigal
 72407 | Tar:7    | Killed Ereshkigal
 72572 | Tar:7    | Got a bone rune of Zot
 72779 | Dis:1    | Entered Level 1 of the Iron City of Dis
 72784 | Dis:1    | You fall into a shaft and drop 1 floor!
 73306 | Dis:4    | Received a gift from Trog
 74053 | Dis:7    | Entered Level 7 of the Iron City of Dis
 74478 | Dis:7    | Reached skill level 15 in Invocations
 74501 | Dis:7    | Received a gift from Trog
 75641 | Dis:7    | Found the ring of the Octopus King
 75645 | Dis:7    | Identified a ring of the Octopus King {rCorr HP+2 AC+2 EV+2
                  | SH+2}
 75798 | Dis:7    | Received a gift from Trog
 75903 | Dis:7    | Identified the ring of Ingoaf Xaoha {Ice Will+}
 76200 | Dis:7    | Identified the +0 robe "Ruxzaor" {rF+ Int+3}
 76214 | Dis:7    | Noticed the Serpent of Hell
 76243 | Dis:7    | Killed the Serpent of Hell
 76415 | Dis:7    | Noticed Dispater
 76449 | Dis:7    | Killed Dispater
 76684 | Dis:7    | Identified the +5 scale mail "Ostoent" {rPois Int+2 Dex+2}
 76686 | Dis:7    | Got an iron rune of Zot
 76866 | Hell     | Found a gateway to the freezing wastes of Cocytus.
 76887 | Coc:1    | Entered Level 1 of Cocytus
 76941 | Coc:1    | Upgraded the game from 0.30-a0-1085-g990a428a5c to
                  | 0.30-a0-1093-gcfb1e0cf12
 77679 | Coc:4    | Paralysed by a wendigo for 1 turns
 77684 | Coc:4    | Paralysed by a wendigo for 1 turns
 77845 | Coc:5    | Received a gift from Trog
 78100 | Coc:6    | HP: 4/266 [shard shrike/shard of ice (14)]
 78110 | Coc:6    | Upgraded the game from 0.30-a0-1093-gcfb1e0cf12 to
                  | 0.30-a0-1102-g2dbb833546
 78112 | Coc:6    | Killed from afar by a shard shrike

Illustrated notes

Levels and vault maps discovered:
D:1:      onia_arrival_handbag, layout_loops_corners, minmay_domino_2
D:2:      layout_basic, uniq_jessica, uniq_natasha
D:3:      layout_basic, serial_corexii_hall, corexii_hall_statues_u,
          corexii_hall_statues_l, gammafunk_ghost_nasty_kobolds,
          uniq_crazy_yiuf_cottage
D:4:      layout_layer_cave, minmay_rat_hole
D:5:      layout_basic, minmay_temple_entry_nine_rooms, uniq_menkaure
D:6:      lemuel_ratsnest, layout_basic, amcnicky_altar_gilded
D:7:      layout_rooms, minmay_manual_mares
D:8:      layout_gridville, lemuel_doored_altar, serial_rivers,
          chequers_serial_rivers_micro_c, chequers_serial_rivers_room_a,
          chequers_serial_rivers_micro_e, chequers_serial_rivers_micro_e,
          chequers_serial_rivers_small_a, chequers_serial_rivers_micro_d,
          enter_bailey_5, uniq_erica
D:9:      layout_cave_pools, mainiacjoe_overflow_alcove_3, nicolae_hexahallways
D:10:     minmay_clustersquares, layout_basic, mainiacjoe_overflow_brackets,
          dpeg_lair_monsters, david_orc_5, uniq_joseph, uniq_urug
D:11:     layout_roguey, minmay_fractal_squares_gapless_5
D:12:     layout_basic, serial_shops, nicolae_shop_trees,
          portal_ice_cave_entry_animals_and_master
D:13:     layout_roguey, grunt_vaults_entry_fortified, special_room
          [special_room_bee], serial_shops,
          nicolae_shop_temple_entry_statues_fountains, uniq_erolcha
D:14:     layout_rooms, chequers_arboretum,
          nicolae_concentric_dashed_squares_mild, uniq_snorg, uniq_rupert
D:15:     hangedman_depths_entry_try_elsewhere_first, layout_basic,
          nicolae_uskayaw_en_pointe, uniq_jorgrun
Lair:1:   layout_loops_ring
Lair:2:   layout_cave_pods, uniq_gastronok
Lair:3:   layout_hall_layers, palyth_hydra_swamp_entry,
          guppyfry_snake_entry_island, uniq_amaemon
Lair:4:   layout_gridlike, maelrawn_ghost_gauntlet_escape,
          gauntlet_entry_generic, st_stairs_9, chequers_serial_rivers_large_a,
          infiniplex_staircase_pool_2
Lair:5:   evilmike_catoblepas_cave, layout_regular_city,
          minmay_slime_entry_pillars, grunt_forest_stairs_basic, uniq_nessos
Swamp:1:  layout_basic_swamp, nicolae_swamp_godswood, swamp_pool2,
          nicolae_swamp_bunyip_nook, uniq_louise
Swamp:2:  nicolae_swamp_flooded_prison, layout_basic_swamp,
          nicolae_swamp_triple_paths
Swamp:3:  cheibrodos_swamp_tower_of_moss, layout_basic_swamp,
          evilmike_swamp_ruin_house_3
Swamp:4:  byrel_swamp_growth_death_and_undeath, layout_basic_swamp, swamp_pool2,
          infiniplex_staircase_pool
Snake:1:  layout_rooms, serial_shops, bzr_entry_water, guppyfry_library_mini,
          minmay_shoptagon, serial_bayou_shore_b, uniq_aizul
Snake:2:  layout_basic, serial_shops, shop, uniq_vashnia
Snake:3:  layout_chambers
Snake:4:  minmay_snake_end_coiled, layout_misc_corridors, uniq_asterion
Slime:1:  layout_caves, cheibrodos_slime_lost_civilization_6
Slime:2:  layout_caves, nicolae_slime_getting_an_eyeful
Slime:3:  layout_caves
Slime:4:  layout_caves
Slime:5
Orc:1:    nicolae_orc_accident_2, layout_diamond_mine, serial_shops,
          nicolae_shop_trees, nicolae_shop_firing_range
Orc:2:    grunt_orc_cross, layout_caves, basic_altar,
          dreamdust_deal_with_the_devil
Elf:1:    elf_arrival_001, layout_gridlike, minmay_elf_demonology, uniq_frances
Elf:2:    nicolae_elf_blades_splatter_lattice [nicolae_blade_entry_pointy_end],
          layout_geoelf_grid
Elf:3:    elf_hall, layout_onion_city, serial_shops, nicolae_shop_crystal,
          nicolae_elf_glass_and_crystal_pillar_1, grunt_ministairs_12,
          minmay_crystal_room, nicolae_elf_loose_elemental_storage
Vaults:1: gammafunk_ghost_ooze, ontoclasm_vaults_bender, vaults_room_door_hall,
          hangedman_vaults_slice, nicolae_vaults_theta, v_misc_25,
          hangedman_vaults_hat, vaults_room_glass_cross, v_misc_8,
          nicolae_vaults_asterisk, v_rooms_2, vaults_mumra_minichess_inversion,
          vaults_room_fours, nicolae_vaults_angled_halls,
          ontoclasm_vaults_loading_screen, layout_vaults_maze
Vaults:2: hangedman_vaults_capsules, v_misc_1, hangedman_vaults_locks,
          vaults_dpeg_spiral, v_misc_13, nicolae_vaults_three_branches,
          v_misc_11, vaults_mumra_hexcomb, ontoclasm_vaults_decontamination,
          ontoclasm_vaults_idyll, nicolae_vaults_little_squares_5,
          ontoclasm_vaults_pinch, vaults_dpeg_ring, layout_vaults_omnicross,
          enter_trove_0, uniq_boris, uniq_mennas
Vaults:3: grunt_vaults_funnel, v_misc_32, ontoclasm_vaults_claustrophobia,
          v_misc_15, ontoclasm_vaults_tryst, emtedronai_trogs_sanctum,
          nicolae_vaults_big_angled_halls, nicolae_vaults_what_the_h, v_misc_24,
          v_alt_pattern_1, vaults_room_stairs_pillars, v_misc_5,
          minmay_crypt_entry_skeletal_spiral, vaults_room_fours,
          nicolae_vaults_little_squares_6, v_misc_18, vaults_room_semicircle,
          vaults_room_semicircle, vaults_room_mumra_shop_pool,
          vaults_room_hallway, nicolae_vaults_little_squares_2,
          layout_vaults_omnibox
Vaults:4: grunt_vaults_focal, v_misc_4, v_pattern_1, v_alt_pattern_6, v_rooms_5,
          v_misc_27, layout_vaults_omnigrid
Vaults:5: serial_shops, uniq_bai_suzhen
Crypt:1:  layout_regular_city, uniq_josephina
Crypt:2:  layout_regular_city, minivault_4, nicolae_elevator_lobby_plus
Crypt:3:  due_elkab, layout_chaotic_city, nicolae_tomb_entry_rubble_hallway,
          ebering_dispersal_statue_hall
Depths:1: layout_gridville, enter_ziggurat_c, grunt_hell_horde,
          kennysheep_decorative_pillar, abyss_entry_small_statue_room,
          minivault_12
Depths:2: evilmike_wizard_prison, layout_cave_pools, hell_entry,
          hangedman_decor_slide_cut, rand_demon_pan_entry_3
Depths:3: minmay_ornate_pinched, layout_gridlike, abyss_entry,
          nicolae_qazlal_eye_of_the_storm, grunt_pan_entry_in_and_out,
          hell_entry
Depths:4: grunt_zot_entry_alcove, layout_gridville, hell_entry, abyss_entry,
          serial_bayou_shore_a
Hell
Dis:1:    layout_gridville, nicolae_dis_big_boring_drill
Dis:2:    layout_subdivisions, nicolae_dis_spooky_hallway
Dis:3:    layout_subdivisions, evilmike_ambush [evilmike_ambush_outer_basic,
          evilmike_ambush_inner_basic]
Dis:4:    layout_jigsaw, nicolae_hells_hurtin_island
Dis:5:    layout_regular_city, lemuel_dis_dragons
Dis:6:    layout_overlapping_boxes, nicolae_hells_fiendish_ambush
Dis:7:    iron_city_of_dis [dis_old, dis_wall_7], layout_gridville
Coc:1:    layout_cocytus_water_paths
Coc:2:    layout_ice_bergs
Coc:3:    layout_ice_bergs
Coc:4:    layout_cocytus_delve
Coc:5:    layout_ice_bergs
Coc:6:    layout_ice_bergs
Tar:1:    layout_catacombs
Tar:2:    layout_catacombs, nicolae_tar_four_comb_rooms
Tar:3:    layout_honeycomb
Tar:4:    layout_grid_maze
Tar:5:    layout_honeycomb, lemuel_nasty_fountain
Tar:6:    layout_catacombs, nicolae_tar_honey_rotating
Tar:7:    tar_mu [tar_mu_maze]
Zot:1:    layout_basic, nicolae_diode_intersection, grunt_megastairs_2
Zot:2:    layout_cathedral_of_symmetry
Zot:3:    layout_gridlike
Zot:4:    layout_concentric_octagons

Skill      XL: |  1  2  3  4  5  6  7  8  9 10 11 12 13 14 15 16 17 18 19 20 21 22 23 24 25 26 27 |
---------------+----------------------------------------------------------------------------------+-----
Axes           | 3 4 5 6 7 9 10 11 12 14 15 17 18 19 20 21 24 | 24.4
Fighting       | 4 5 6 7 8 9 10 12 13 14 15 16 17 18 19 20 21 22 23 25 | 25.5
Armour         | 2 4 5 6 7 9 11 12 13 14 16 17 18 24 | 24.4
Dodging        | 2 4 5 6 7 9 17 | 17.5
Shields        | 2 4 6 8 9 11 13 15 16 17 18 19 21 | 21.8
Throwing       | 5 7 9 10 12 14 15 16 21 | 21.1
Evocations     | 6 9 11 17 | 17.9
Invocations    | 18 | 18.7

Action                     |  1- 3 |  4- 6 |  7- 9 | 10-12 | 13-15 | 16-18 | 19-21 | 22-24 | 25-27 || total
---------------------------+-------+-------+-------+-------+-------+-------+-------+-------+-------++-------
  Melee: Hand axe          |    72 |   306 |   188 |   263 |       |    25 |   181 |       |       ||  1035
         Punch             |       |     1 |     1 |     2 |       |       |       |       |       ||     4
         War axe           |       |       |   271 |       |   728 |  1181 |   350 |    48 |     6 ||  2584
         Battleaxe         |       |       |       |   297 |   457 |       |       |       |       ||   754
         Broad axe         |       |       |       |       |       |   112 |  1173 |  1854 |  5121 ||  8260
         Whip              |       |       |       |       |       |       |       |       |    10 ||    10
         Lance             |       |       |       |       |       |       |       |       |     3 ||     3
  Throw: Stone             |       |    14 |    15 |       |       |       |       |       |       ||    29
         Dart              |       |     9 |     6 |    31 |    18 |    11 |       |     1 |       ||    76
         Throwing net      |       |       |       |     1 |     3 |     4 |       |       |       ||     8
         Boomerang         |       |       |       |     1 |     2 |       |     2 |     2 |     3 ||    10
         Javelin           |       |       |       |       |       |     1 |     1 |       |    16 ||    18
 Invoke: Trog's Hand       |     1 |     3 |     5 |     1 |     2 |     1 |     1 |     2 |     4 ||    20
         Brothers in Arms  |       |       |       |     3 |     2 |     4 |     4 |     3 |    20 ||    36
Ability: Evoke Blink       |       |       |       |       |       |       |       |       |     1 ||     1
  Evoke: Wand              |       |     8 |    20 |    13 |    22 |     6 |    20 |     4 |    54 ||   147
         Phantom mirror    |       |       |       |       |       |       |     2 |     2 |     9 ||    13
         Phial of floods   |       |       |       |       |       |       |     2 |     2 |       ||     4
         Condenser vane    |       |       |       |       |       |       |     2 |       |     7 ||     9
         Lightning rod     |       |       |       |       |       |       |       |       |     7 ||     7
         Horn of Geryon    |       |       |       |       |       |       |       |       |     6 ||     6
         Box of beasts     |       |       |       |       |       |       |       |       |     5 ||     5
    Use: Potion            |       |       |     4 |     3 |       |     4 |     4 |     3 |    51 ||    69
         Scroll            |       |       |     6 |     9 |     8 |    16 |    10 |     2 |    65 ||   116
   Stab: Sleeping          |     1 |     1 |       |       |       |       |       |       |       ||     2
         Held in net/web   |       |       |       |     1 |       |     1 |       |       |       ||     2
         Distracted        |       |       |       |       |       |     1 |     1 |    12 |    11 ||    25
         Invisible         |       |       |       |       |       |       |     3 |       |       ||     3
 Armour: Animal skin       |     8 |    70 |       |       |       |       |       |       |       ||    78
         Ring mail         |       |    16 |   116 |    58 |       |       |       |       |       ||   190
         Scale mail        |       |       |       |   132 |   358 |    75 |       |       |       ||   565
         Chain mail        |       |       |       |       |     1 |   343 |   568 |   618 |   530 ||  2060
         Gold dragon scale |       |       |       |       |       |       |       |       |  1508 ||  1508
  Dodge: Dodged            |    32 |   177 |   362 |   601 |   907 |   737 |   813 |   875 |  2422 ||  6926
  Block: Kite shield       |       |       |       |       |   334 |   870 |  1035 |  1125 |  4462 ||  7826
         Reflection        |       |       |       |       |       |       |       |       |    79 ||    79

Table legend: (Time is in decaauts)
 A = Elapsed time spent in this place.
 B = Non-inter-level travel time spent in this place.
 C = Inter-level travel time spent in this place.
 D = Time resting spent in this place.
 E = Time spent auto-exploring this place.
 F = Levels seen in this place.
 G = Mean time per level.
                   A        B        C        D        E       F      G
               +--------+--------+--------+--------+--------+-----+--------+
         Total |  77167 |  72451 |   4716 |   8731 |  30981 | 106 |  728.0 |
       Dungeon |  17124 |  15992 |   1132 |   1710 |   8575 |  15 | 1141.6 |
          Lair |   6530 |   5889 |    641 |    980 |   2802 |   5 | 1306.0 |
         Swamp |   3578 |   3435 |    143 |    327 |   1430 |   4 |  894.5 |
     Snake Pit |   4590 |   4244 |    346 |    275 |   1813 |   4 | 1147.5 |
    Slime Pits |    976 |    976 |      0 |    115 |      0 |   5 |  195.2 |
  Orcish Mines |   1835 |   1740 |     95 |     93 |    702 |   2 |  917.5 |
   Elven Halls |   3958 |   3687 |    271 |    153 |   1914 |   3 | 1319.3 |
        Vaults |   8309 |   7647 |    662 |    273 |   3993 |   5 | 1661.8 |
         Crypt |   3508 |   3416 |     92 |    122 |   1889 |   3 | 1169.3 |
        Depths |   5306 |   4729 |    577 |    181 |   2566 |   4 | 1326.5 |
          Hell |    785 |    785 |      0 |    156 |      0 |   1 |  785.0 |
           Dis |   4021 |   3748 |    273 |   1452 |    158 |   7 |  574.4 |
       Cocytus |   1241 |   1182 |     59 |    221 |    327 |   6 |  206.8 |
      Tartarus |   3338 |   3154 |    184 |    964 |    686 |   7 |  476.9 |
           Zot |   4266 |   4029 |    237 |    196 |   2652 |   4 | 1066.5 |
         Abyss |    322 |    322 |      0 |      0 |    137 |   3 |  107.3 |
   Pandemonium |   5293 |   5293 |      0 |    891 |   1299 |  15 |  352.9 |
      Ziggurat |    525 |    525 |      0 |    149 |      0 |   8 |   65.6 |
        Bazaar |     90 |     90 |      0 |      0 |      0 |   1 |   90.0 |
         Trove |     44 |     44 |      0 |      0 |      0 |   1 |   44.0 |
        Bailey |    457 |    457 |      0 |    162 |      0 |   1 |  457.0 |
      Ice Cave |    657 |    657 |      0 |    208 |     35 |   1 |  657.0 |
      Gauntlet |    403 |    403 |      0 |    101 |      0 |   1 |  403.0 |
               +--------+--------+--------+--------+--------+-----+--------+

Top non-repeatable levels by time:
   Dis:7: 2725 daAuts
Vaults:3: 2292 daAuts
    D:13: 1942 daAuts
  Lair:5: 1933 daAuts
Depths:1: 1754 daAuts
   Tar:7: 1747 daAuts
 Crypt:3: 1705 daAuts
Vaults:5: 1677 daAuts
Vaults:1: 1657 daAuts
 Snake:3: 1578 daAuts
    D:10: 1556 daAuts
     D:5: 1544 daAuts
   Elf:3: 1536 daAuts
    D:15: 1461 daAuts
Depths:3: 1444 daAuts
